ORI
LOUISIANA STATE UNIVERSITY TIGERS @ UNIVERSITY OF MINNESOTA GOLDEN GOPHERS
12/15/2046
 
TOP OF THE 1ST
Louisiana State University Tigers batting - Pitching for University of Minnesota Golden Gophers : RHP Eddie Young
Pitching: RHP Eddie Young
Batting: LHB John Carter 0-0: Ball
1-0: Ball
2-0: Called Strike
2-1: Foul Ball, location: 2F
2-2: Ball
3-2: Base on Balls
Batting: RHB Winston Vasquez 0-0: Ball
John Carter steals 2nd base
1-0: Ball
2-0: Foul Ball, location: 2F
2-1: Ball
3-1: SINGLE (Groundball, 6D, EV 96.2 MPH)
John Carter to third
Throwing error, E7
John Carter scores
Winston Vasquez to second
Batting: RHB Keith Ashton 0-0: Foul Ball, location: 2F
0-1: Called Strike
0-2: Strikes out swinging
Batting: LHB Matt Ellington 0-0: Ball
1-0: Foul Ball, location: 2F
1-1: Foul Ball, location: 2F
1-2: Strikes out swinging
Batting: LHB Manny Grado 0-0: Called Strike
0-1: Foul Ball, location: 2F
0-2: Ball
1-2: Ball
2-2: Ball
3-2: 2-RUN HOME RUN (Flyball, 9LD, EV 96.9 MPH), Distance : 353 ft
Batting: RHB D.J. Ganz 0-0: Ball
1-0: Ball
2-0: Ball
3-0: Called Strike
3-1: Foul Ball, location: 2F
3-2: SINGLE (Groundball, 4S, EV 73.1 MPH) (infield hit)
Batting: SHB Brian Caruso 0-0: Foul Ball, location: 2F
0-1: Ball
1-1: Ball
2-1: Foul Ball, location: 2F
2-2: Strikes out looking
Top of the 1st over - 3 runs, 3 hits, 1 error, 1 left on base; Louisiana State University 3 - University of Minnesota 0
BOTTOM OF THE 1ST
University of Minnesota Golden Gophers batting - Pitching for Louisiana State University Tigers : LHP Clyde Fisher
Pitching: LHP Clyde Fisher
Batting: SHB Chris Rodgers 0-0: Ball
1-0: Swinging Strike
1-1: Called Strike
1-2: Ball
2-2: Ball
3-2: Ground out 1-3 (Groundball, 15S, EV 68.1 MPH)
Batting: RHB Roy Evenden 0-0: Foul Ball, location: 2F
0-1: Ball
1-1: Bunted foul
1-2: Strikes out looking
Batting: RHB Ron Gooch 0-0: Ground out 6-3 (Groundball, 6, EV 82.5 MPH)
Bottom of the 1st over - 0 runs, 0 hits, 0 errors, 0 left on base; Louisiana State University 3 - University of Minnesota 0
TOP OF THE 2ND
Louisiana State University Tigers batting - Pitching for University of Minnesota Golden Gophers : RHP Eddie Young
Batting: RHB Byung-hee Jee 0-0: Ball
1-0: Called Strike
1-1: Swinging Strike
1-2: Strikes out swinging
Batting: RHB Zachary Acker 0-0: Foul Ball, location: 2F
0-1: Swinging Strike
0-2: Foul Ball, location: 2F
0-2: Ball
1-2: Ball
2-2: Strikes out swinging
Batting: LHB John Carter 0-0: Swinging Strike
0-1: Fly out, F4 (Popup, 4MD, EV 66.9 MPH)
Top of the 2nd over - 0 runs, 0 hits, 0 errors, 0 left on base; Louisiana State University 3 - University of Minnesota 0
BOTTOM OF THE 2ND
University of Minnesota Golden Gophers batting - Pitching for Louisiana State University Tigers : LHP Clyde Fisher
Batting: RHB Mike Satterfield 0-0: Ball
1-0: Called Strike
1-1: Ball
2-1: Ball
3-1: Swinging Strike
3-2: Foul Ball, location: 2F
3-2: Base on Balls
Batting: SHB Marty Kuehn 0-0: Called Strike
0-1: Swinging Strike
0-2: Ball
1-2: Foul Ball, location: 2F
1-2: Ball
2-2: Grounds into double play, 3-6-3 (Groundball, 13, EV 77.5 MPH)
Batting: RHB Scott Rose 0-0: Foul Ball, location: 2F
0-1: Ball
1-1: Ball
2-1: Foul Ball, location: 2F
2-2: Ball
3-2: SOLO HOME RUN (Flyball, 78XD, EV 104.4 MPH), Distance : 424 ft
Batting: RHB Ozzie Buendia 0-0: Called Strike
0-1: Swinging Strike
0-2: Strikes out looking
Bottom of the 2nd over - 1 run, 1 hit, 0 errors, 0 left on base; Louisiana State University 3 - University of Minnesota 1
TOP OF THE 3RD
Louisiana State University Tigers batting - Pitching for University of Minnesota Golden Gophers : RHP Eddie Young
Batting: RHB Winston Vasquez 0-0: Swinging Strike
0-1: Fly out, F3 (Popup, 3, EV 80.0 MPH)
Batting: RHB Keith Ashton 0-0: Called Strike
0-1: Ball
1-1: Ground out U3 (Groundball, 13, EV 93.1 MPH)
Batting: LHB Matt Ellington 0-0: Ball
1-0: Called Strike
1-1: Swinging Strike
1-2: Strikes out looking
Top of the 3rd over - 0 runs, 0 hits, 0 errors, 0 left on base; Louisiana State University 3 - University of Minnesota 1
BOTTOM OF THE 3RD
University of Minnesota Golden Gophers batting - Pitching for Louisiana State University Tigers : LHP Clyde Fisher
Batting: LHB Ivan Villegas 0-0: Swinging Strike
0-1: Foul Ball, location: 2F
0-2: Hit by Pitch
Pinch Runner at 1st Bobby Agterberg:
Batting: RHB Jose Garrido 0-0: Called Strike
0-1: Ball
1-1: Ball
2-1: Foul Ball, location: 2F
2-2: Ball
3-2: Fielders Choice at 2nd, 6-4 (Groundball, 6M, EV 105.6 MPH)
Batting: SHB Chris Rodgers 0-0: Foul Ball, location: 2F
0-1: Ball
1-1: Called Strike
1-2: Ball
2-2: Ball
3-2: Foul Ball, location: 2F
3-2: Grounds into double play, 6-4-3 (Groundball, 6, EV 86.9 MPH)
Bottom of the 3rd over - 0 runs, 0 hits, 0 errors, 0 left on base; Louisiana State University 3 - University of Minnesota 1
TOP OF THE 4TH
Louisiana State University Tigers batting - Pitching for University of Minnesota Golden Gophers : RHP Eddie Young
Now in LF: Bobby Agterberg
Batting: LHB Manny Grado 0-0: Called Strike
0-1: Ball
1-1: Foul Ball, location: 2F
1-2: Ball
2-2: Ball
3-2: Ground out 4-3 (Groundball, 4, EV 86.2 MPH)
Batting: RHB D.J. Ganz 0-0: Foul Ball, location: 2F
0-1: Ground out 5-3 (Groundball, 56S, EV 74.4 MPH)
Batting: SHB Brian Caruso 0-0: Swinging Strike
0-1: Fly out, F6 (Popup, 6, EV 75.6 MPH)
Top of the 4th over - 0 runs, 0 hits, 0 errors, 0 left on base; Louisiana State University 3 - University of Minnesota 1
BOTTOM OF THE 4TH
University of Minnesota Golden Gophers batting - Pitching for Louisiana State University Tigers : LHP Clyde Fisher
Batting: RHB Roy Evenden 0-0: Called Strike
0-1: Bunt - Flyout to 13! F1
Batting: RHB Ron Gooch 0-0: Swinging Strike
0-1: Ball
1-1: Called Strike
1-2: Strikes out swinging
Batting: RHB Mike Satterfield 0-0: Called Strike
0-1: Foul Ball, location: 2F
0-2: Ball
1-2: Ground out 6-3 (Groundball, 6, EV 86.9 MPH)
Bottom of the 4th over - 0 runs, 0 hits, 0 errors, 0 left on base; Louisiana State University 3 - University of Minnesota 1
TOP OF THE 5TH
Louisiana State University Tigers batting - Pitching for University of Minnesota Golden Gophers : RHP Eddie Young
Batting: RHB Byung-hee Jee 0-0: Foul Ball, location: 2F
0-1: Foul Ball, location: 2F
0-2: Ball
1-2: Foul Ball, location: 2F
1-2: Foul Ball, location: 2F
1-2: Ball
2-2: Ball
3-2: Foul Ball, location: 2F
3-2: Foul Ball, location: 2F
3-2: Ground out 4-3 (Groundball, 4, EV 81.9 MPH)
Pitching: RHP Dan Mondro
Batting: RHB Zachary Acker 0-0: Ball
1-0: Foul Ball, location: 2F
1-1: Called Strike
1-2: Foul Ball, location: 2F
1-2: Ball
2-2: Foul Ball, location: 2F
2-2: Foul Ball, location: 2F
2-2: Strikes out swinging
Batting: LHB John Carter 0-0: Called Strike
0-1: Swinging Strike
0-2: Ball
1-2: Ball
2-2: Foul Ball, location: 2F
2-2: Strikes out swinging
Top of the 5th over - 0 runs, 0 hits, 0 errors, 0 left on base; Louisiana State University 3 - University of Minnesota 1
BOTTOM OF THE 5TH
University of Minnesota Golden Gophers batting - Pitching for Louisiana State University Tigers : LHP Clyde Fisher
Batting: SHB Marty Kuehn 0-0: Called Strike
0-1: Swinging Strike
0-2: Ball
1-2: Foul Ball, location: 2F
1-2: Ball
2-2: Strikes out swinging
Batting: RHB Scott Rose 0-0: Ball
1-0: Swinging Strike
1-1: Ground out 5-3 (Groundball, 56, EV 86.2 MPH)
Batting: RHB Ozzie Buendia 0-0: Ball
1-0: Foul Ball, location: 2F
1-1: Ball
2-1: Ball
3-1: Fly out, F1 (Line Drive, P, EV 62.5 MPH)
Bottom of the 5th over - 0 runs, 0 hits, 0 errors, 0 left on base; Louisiana State University 3 - University of Minnesota 1
TOP OF THE 6TH
Louisiana State University Tigers batting - Pitching for University of Minnesota Golden Gophers : RHP Dan Mondro
Batting: RHB Winston Vasquez 0-0: Ball
1-0: Called Strike
1-1: Foul Ball, location: 2F
1-2: Ball
2-2: Ball
3-2: Foul Ball, location: 2F
3-2: Base on Balls
Batting: RHB Keith Ashton 0-0: Ball
1-0: Fielders Choice at 2nd, 6-4 (Groundball, 6, EV 96.2 MPH)
Batting: LHB Matt Ellington 0-0: Ball
1-0: SINGLE (Groundball, 34D, EV 97.5 MPH)
Keith Ashton to second
Runner from 2nd tries for 3rd, OUT! 9-5
Batting: LHB Manny Grado 0-0: Foul Ball, location: 2F
0-1: Ball
1-1: Foul Ball, location: 2F
1-2: Foul Ball, location: 2F
1-2: Ball
2-2: Ground out U3 (Groundball, 34, EV 78.1 MPH)
Top of the 6th over - 0 runs, 1 hit, 0 errors, 1 left on base; Louisiana State University 3 - University of Minnesota 1
BOTTOM OF THE 6TH
University of Minnesota Golden Gophers batting - Pitching for Louisiana State University Tigers : LHP Clyde Fisher
Batting: LHB Bobby Agterberg 0-0: Called Strike
0-1: Called Strike
0-2: Ball
1-2: Ball
2-2: Foul Ball, location: 2F
2-2: Strikes out swinging
Batting: RHB Jose Garrido 0-0: Ball
1-0: Ball
2-0: Ball
3-0: Called Strike
3-1: Base on Balls
Batting: SHB Chris Rodgers 0-0: Called Strike
0-1: Ball
1-1: Called Strike
1-2: Foul Ball, location: 2F
1-2: Ball
2-2: Strikes out swinging
Batting: RHB Roy Evenden 0-0: Called Strike
0-1: Ball
1-1: Foul Ball, location: 2F
1-2: Strikes out swinging
Bottom of the 6th over - 0 runs, 0 hits, 0 errors, 1 left on base; Louisiana State University 3 - University of Minnesota 1
TOP OF THE 7TH
Louisiana State University Tigers batting - Pitching for University of Minnesota Golden Gophers : RHP Dan Mondro
Pitching: LHP Bing-zhong Sung
Batting: RHB D.J. Ganz 0-0: Ball
1-0: Called Strike
1-1: Ground out 4-3 (Groundball, 4M, EV 98.1 MPH)
Batting: SHB Brian Caruso 0-0: Swinging Strike
0-1: Swinging Strike
0-2: Reached on error, E6 (Groundball, 6, EV 91.9 MPH)
Batting: RHB Byung-hee Jee 0-0: Intentional Walk
Batting: RHB Zachary Acker 0-0: Ball
1-0: Foul Ball, location: 2F
1-1: Foul Ball, location: 2F
1-2: Ball
2-2: Ball
3-2: 3-RUN HOME RUN (Flyball, 7D, EV 100.0 MPH), Distance : 385 ft
Pitching: LHP Kadidu Kiprotich
Batting: LHB John Carter 0-0: Ball
1-0: Called Strike
1-1: Foul Ball, location: 2F
1-2: Ball
2-2: Strikes out swinging
Batting: RHB Winston Vasquez 0-0: SINGLE (Groundball, 56, EV 103.1 MPH) (infield hit)
Batting: RHB Keith Ashton 0-0: Ball
1-0: Ball
2-0: Ball
3-0: Base on Balls
Winston Vasquez to second
Batting: LHB Matt Ellington 0-0: Called Strike
0-1: Called Strike
0-2: Ball
1-2: Ball
2-2: Strikes out swinging
Top of the 7th over - 3 runs, 2 hits, 1 error, 2 left on base; Louisiana State University 6 - University of Minnesota 1
BOTTOM OF THE 7TH
University of Minnesota Golden Gophers batting - Pitching for Louisiana State University Tigers : LHP Clyde Fisher
Pitching: RHP Nick McCoy
Batting: RHB Ron Gooch 0-0: Called Strike
0-1: Called Strike
0-2: Strikes out swinging
Batting: RHB Mike Satterfield 0-0: Ball
1-0: Called Strike
1-1: Ground out 6-3 (Groundball, 6, EV 109.4 MPH)
Batting: SHB Marty Kuehn 0-0: Ground out U3 (Groundball, 3S, EV 71.2 MPH)
Bottom of the 7th over - 0 runs, 0 hits, 0 errors, 0 left on base; Louisiana State University 6 - University of Minnesota 1
TOP OF THE 8TH
Louisiana State University Tigers batting - Pitching for University of Minnesota Golden Gophers : LHP Kadidu Kiprotich
Batting: LHB Manny Grado 0-0: Ground out 4-3 (Groundball, 34, EV 78.8 MPH)
Batting: RHB D.J. Ganz 0-0: Ball
1-0: Ground out 4-3 (Groundball, 4, EV 86.9 MPH)
Batting: SHB Brian Caruso 0-0: Ball
1-0: Called Strike
1-1: Foul Ball, location: 2F
1-2: Reached on error, E5 (Groundball, 56, EV 85.6 MPH)
Batting: RHB Byung-hee Jee 0-0: Ball
1-0: Foul Ball, location: 2F
1-1: Fielders Choice at 2nd, 6-4 (Groundball, 6, EV 81.9 MPH)
Top of the 8th over - 0 runs, 0 hits, 1 error, 1 left on base; Louisiana State University 6 - University of Minnesota 1
BOTTOM OF THE 8TH
University of Minnesota Golden Gophers batting - Pitching for Louisiana State University Tigers : RHP Nick McCoy
Batting: RHB Scott Rose 0-0: Ball
1-0: Foul Ball, location: 2F
1-1: Ground out 5-3 (Groundball, 56, EV 81.9 MPH)
Batting: RHB Ozzie Buendia 0-0: Called Strike
0-1: Ball
1-1: Ball
2-1: Swinging Strike
2-2: Ball
3-2: Foul Ball, location: 2F
3-2: Fly out, F8 (Flyball, 8LXD, EV 90.6 MPH)
Batting: LHB Bobby Agterberg 0-0: Swinging Strike
0-1: Foul Ball, location: 2F
0-2: Ball
1-2: Ball
2-2: Foul Ball, location: 2F
2-2: Ball
3-2: Fly out, F7 (Flyball, 78M, EV 73.8 MPH)
Bottom of the 8th over - 0 runs, 0 hits, 0 errors, 0 left on base; Louisiana State University 6 - University of Minnesota 1
TOP OF THE 9TH
Louisiana State University Tigers batting - Pitching for University of Minnesota Golden Gophers : LHP Kadidu Kiprotich
Batting: RHB Zachary Acker 0-0: Called Strike
0-1: Foul Ball, location: 2F
0-2: Foul Ball, location: 2F
0-2: Strikes out swinging
Batting: LHB John Carter 0-0: Ball
1-0: Ball
2-0: Ball
3-0: Called Strike
3-1: Base on Balls
Pitching: LHP Francisco Ortiz
Batting: RHB Winston Vasquez 0-0: Ball
1-0: Ball
John Carter steals 2nd base
2-0: Called Strike
John Carter steals 3rd base (no throw)
2-1: Foul Ball, location: 2F
2-2: Foul Ball, location: 2F
2-2: Ground out 6-3 (Groundball, 6, EV 89.4 MPH)
John Carter scores
Batting: RHB Keith Ashton 0-0: Ball
1-0: SINGLE (Groundball, 6MD, EV 97.5 MPH)
Pinch Hitting: RHB Stewart Walker 0-0: Ball
1-0: Ball
2-0: SINGLE (Groundball, 6MD, EV 98.1 MPH)
Keith Ashton to second
Runner from 2nd tries for 3rd, SAFE, throw by CF made to third
Batting: LHB Manny Grado 0-0: Foul Ball, location: 2F
0-1: Called Strike
0-2: Ball
1-2: Strikes out looking
Top of the 9th over - 1 run, 2 hits, 0 errors, 2 left on base; Louisiana State University 7 - University of Minnesota 1
BOTTOM OF THE 9TH
University of Minnesota Golden Gophers batting - Pitching for Louisiana State University Tigers : RHP Nick McCoy
Now at C: Paul Blaylock
Pinch Hitting: LHB Jose Moncada 0-0: Called Strike
0-1: Called Strike
0-2: Fly out, F9 (Line Drive, 89M, EV 108.1 MPH)
Pinch Hitting: LHB Gabe Cothron 0-0: Ball
1-0: Swinging Strike
1-1: Ground out U3 (Groundball, 34S, EV 80.0 MPH)
Batting: RHB Roy Evenden 0-0: Called Strike
0-1: Swinging Strike
0-2: Ball
1-2: Ball
2-2: Ball
3-2: Ground out 4-3 (Groundball, 4, EV 88.8 MPH)
Bottom of the 9th over - 0 runs, 0 hits, 0 errors, 0 left on base; Louisiana State University 7 - University of Minnesota 1
Tuesday, September 13th , 2022 - OOTP Baseball 23.7 Build 88